 Dungeon Crawl Stone Soup version bcrawl-1.40.2 (webtiles) character file.

Game seed: 3411119965887837705

453701 kosoiffoigrumme1174 the Covert (level 12, 0/77 HPs)
             Began as a Mana Stalker Monk on Nov 7, 2023.
             Was a High Priest of Okawaru.
             Slain by a wyvern (10 damage)
             ... on level 11 of the Dungeon.
             The game lasted 00:24:50 (9887 turns).

kosoiffoigrumme1174 the Covert (Mana Stalker Monk)  Turns: 9887, Time: 00:24:50

Health: 0/77       AC:  8    Str: 24      XL:     12   Next: 24%
Magic:  0/26       EV: 19    Int: 14      God:    Okawaru [*****.]
Gold:   372        SH:  0    Dex: 18 (20) Spells: 11/11 levels left

rFire    . . .     GDR:     29% a - +10 short sword "Sootomugg" {freeze, Int+4}
rCold    . . .     SeeInvis .   (no shield)
rNeg     . . .     Gourm    .   H - +2 troll leather armour
rPois    .         Faith    .   I - +1 hat
rElec    .         Spirit   +   s - scarf {clouds}
rCorr    .         Reflect  .   k - +0 pair of gloves
MR       +++..                  (no boots)
Stlth    +++++.....             d - amulet of guardian spirit
HPRegen  1.02/turn              t - ring of magical power
MPRegen  0.20/turn              h - +8 ring of strength

@: no status effects
A: fangs 3, magic resistance 2, regeneration 1, antimagic bite, no potion heal
3, rot immunity, strong jaws
a: Heroism, Finesse, Renounce Religion, Evoke Fog


You were on level 11 of the Dungeon.
You worshipped Okawaru.
Okawaru was extremely pleased with you.
You were hungry.

You visited 2 branches of the dungeon, and saw 12 of its levels.
You also visited: Sewer.

You collected 817 gold pieces.
You spent 445 gold pieces at shops.

Inventory:

Hand Weapons
 a - the +10 short sword "Sootomugg" (weapon) {freeze, Int+4}
   (You bought it in a shop on level 4 of the Dungeon)

   It has been specially enchanted to freeze those struck by it, increasing
   damage dealt by approximately one third against foes not resistant or
   susceptible to cold, and potentially slowing cold-blooded foes.
   It affects your intelligence (+4).
 b - a +0 triple crossbow of freezing
 R - the +6 scimitar of Kurut {elec, Dex+5 SInv, unknown}
   (You found it on level 10 of the Dungeon)

   Occasionally, upon striking a foe, it will discharge some electrical energy
   and cause terrible harm.
   It affects your dexterity (+5).
   It lets you see invisible.
Missiles
 i - 802 bolts
 n - 91 poisoned tomahawks (quivered)
 v - 76 exploding tomahawks
 F - a throwing net {=f}
Armour
 k - a +0 pair of gloves (worn)
 s - a scarf of clouds (worn)
 H - a +2 troll leather armour (worn)
 I - a +1 hat (worn)
Jewellery
 d - an amulet of guardian spirit (around neck)
 g - an uncursed amulet of the acrobat {unknown}
 h - a +8 ring of strength (right hand)
 q - an uncursed amulet of magic regeneration {unknown}
 t - a ring of magical power (left hand)
 u - an uncursed ring of positive energy {unknown}
 J - an uncursed ring of poison resistance {unknown}
Wands
 o - a wand of paralysis (9)
 y - a wand of polymorph (8)
 P - a wand of digging (7)
Scrolls
 c - a scroll of summoning {unknown}
 f - 6 scrolls of remove curse
 j - 2 scrolls of fog
 l - 5 scrolls of teleportation
 w - 4 scrolls of blinking
 x - 3 scrolls of enchant weapon
 E - a scroll of brand weapon {unknown}
 G - 2 scrolls of noise
 L - a scroll of torment {unknown}
 M - 2 scrolls of immolation
 S - 3 scrolls of fear {unknown}
Potions
 m - 6 potions of haste
 p - 3 potions of lignification
 r - a potion of berserk rage {unknown}
 z - 2 potions of might
 A - a potion of magic {unknown}
 B - 3 potions of curing
 C - a potion of ambrosia {unknown}
 D - 3 potions of agility
 K - 2 potions of brilliance {unknown}
 N - 2 potions of flight {unknown}
Miscellaneous
 O - a phial of floods
Comestibles
 e - 16 rations {!d}


   Skills:
 - Level 10.0 Fighting
   Level 2.6 Axes
 - Level 10.0 Dodging
 * Level 10.7 Stealth
 - Level 10.0 Unarmed Combat
 + Level 5.4 Invocations
 + Level 4.5 Evocations


You had 11 spell levels left.
You didn't know any spells.
Your spell library contained the following spells:

 Spells                   Type           Power        Failure   Level  Hunger
 Flame Tongue             Conj/Fire      #....        32%         1    None
 Static Discharge         Air            #.....       32%         1    None
 Flaming Arrows           Chrm/Fire      #.......     45%         2    ####...
 Shock                    Conj/Air       #......      45%         2    ####...
 Swiftness                Chrm/Air       #.......     45%         2    ####...
 Conjure Flame            Conj/Fire      #.......     69%         3    #####..
 Inner Flame              Hex/Fire       N/A          69%         3    #####..
 Mephitic Cloud           Conj/Pois/Air  #.......     69%         3    #####..
 Lightning Bolt           Conj/Air       #.......     97%         4    ######.
 Sticky Flame             Conj/Fire      #.......     97%         4    ######.
 Fireball                 Conj/Fire      #.........   100%        5    #######


Dungeon Overview and Level Annotations

Branches:
Dungeon (11/12)            Temple (1/1) D:5            Lair (0/6) D:8
    Orc (0/1) D:8
 Vaults: D:11-12

Altars:
Ashenzari
Cheibriados
Dithmenos
Elyvilon
Fedhas
Gozag
Hepliaklqana
Kikubaaqudgha
Lugonu
Makhleb
Nemelex Xobeh
Okawaru
Qazlal
Ru
Sif Muna
Trog
Uskayaw
Vehumet
Wu Jian
Xom
Yredelemnul
Zin
The Shining One

Shops:
D:4 *   D:6 !   D:8 [


Innate Abilities, Weirdness & Mutations

You have razor-sharp teeth.
You are highly resistant to hostile enchantments. (MR++)
Your natural rate of healing is unusually fast.
Your bite disrupts and absorbs the magic of your enemies.
Potions cannot restore your health.
You are immune to rotting.
Your bites deal extra damage.


Message History

The deep elf mage blinks!
The wyvern barely misses you.
You hear a grinding noise.
The water elemental hits you. The water elemental hits you!
* * * LOW HITPOINT WARNING * * *
The water elemental engulfs you in water!
* * * LOW HITPOINT WARNING * * *
Your lungs strain for air!
The water elemental disappears in a puff of smoke!
The deep elf mage casts a spell.
The deep elf mage blinks!
The wyvern completely misses you.
You gasp with relief as air once again reaches your lungs.
You hear a grinding noise.
The wyvern bites you!
* * * LOW HITPOINT WARNING * * *
You hear a grinding noise.
The wyvern bites you.
* * * LOW HITPOINT WARNING * * *
The wyvern bites you!
You die...

#......≈#........
#.......#.##'####
#.........# ..
+...e.....# ...
#.......e§# ..
#########.# . #E#
#l# #@# #.# ..#
#... #.## #. ##


You could see a water elemental, a deep elf mage and a wyvern.

Vanquished Creatures
  A hydra (D:10)
  2 two-headed ogres
  The ghost of Galewind the Destroyer, a journeyman AvCj of Vehumet (D:10)
  2 cyclopes (D:10)
  A wolf spider zombie (D:10)
  An eye of draining (D:9)
  A wolf spider simulacrum (D:10)
  6 trolls
  5 hippogriffs
  Grum (D:8)
  4 yaks
  4 vampire mosquitoes (D:10)
  2 hungry ghosts (D:8)
  Menkaure (D:7)
  A crocodile (D:8)
  2 porcupines (D:8)
  8 orc warriors
  3 sky beasts
  3 phantoms
  3 black bears
  4 ice beasts
  6 ogres
  4 wolves
  13 bullfrogs
  3 kobold brigands
  Blork the orc (D:5)
  A gnoll sergeant (D:8)
  5 centaurs
  2 scorpions
  A wyvern skeleton (D:9)
  7 killer bees
  4 wights (D:10)
  8 howler monkeys
  8 orc priests
  A bullfrog zombie (D:5)
  A quasit (D:11)
  3 hounds
  2 bullfrog skeletons
  2 jellies
  3 iguanas
  5 orc wizards
  4 worker ants
  A hound zombie (D:5)
  2 hound skeletons
  2 worker ant zombies (D:5)
  4 gnolls (D:8)
  14 adders
  A river rat (D:4)
  2 shadow imps
  18 oozes
  2 adder zombies
  An adder skeleton (D:8)
  5 worms
  4 dart slugs (D:1)
  15 leopard geckos
  44 orcs
  9 bats
  12 giant cockroaches
  4 goblins
  5 hobgoblins
  7 jackals
  24 kobolds
  4 quokkas
  10 ball pythons
  14 frilled lizards
  A jackal skeleton (D:2)
  7 rats
352 creatures vanquished.

Vanquished Creatures (others)
  A jackal (D:3)
  2 fungi (D:8)
  2 plants (D:10)
5 creatures vanquished.

Grand Total: 357 creatures vanquished

Notes
Turn   | Place    | Note
-------+----------+-------------------------------------------
     0 | D:1      | kosoiffoigrumme1174 the Vine Stalker Monk began the quest
                  | for the Orb.
     0 | D:1      | Reached XP level 1. HP: 13/13 MP: 3/3
    78 | D:1      | Reached XP level 2. HP: 18/18 MP: 4/4
    85 | D:1      | Reached skill level 1 in Unarmed Combat
   201 | D:1      | Reached XP level 3. HP: 21/23 MP: 2/5
  1206 | D:2      | Reached XP level 4. HP: 28/28 MP: 6/6
  1682 | D:3      | Reached XP level 5. HP: 27/32 MP: 7/7
  1906 | D:3      | Gained mutation: You have razor-sharp teeth. [Vine Stalker
                  | growth]
  1906 | D:3      | Reached XP level 6. HP: 23/38 MP: 8/8
  2294 | D:3      | Reached skill level 5 in Dodging
  2548 | D:4      | Found Kuliahea's Assorted Antiques.
  2737 | D:4      | Found a glowing drain.
  2760 | Sewer    | Entered a sewer
  3150 | Sewer    | Reached XP level 7. HP: 42/44 MP: 9/9
  3651 | D:4      | Bought a masterwork short sword for 192 gold pieces
  3651 | D:4      | Identified the +10 short sword "Sootomugg" {freeze, Int+4}
                  | (You bought it in a shop on level 4 of the Dungeon)
  3744 | D:4      | Reached skill level 5 in Fighting
  3897 | D:5      | Entered Level 5 of the Dungeon
  4029 | D:5      | Gained mutation: Your bite disrupts and absorbs the magic
                  | of your enemies. [Mana Stalker growth]
  4029 | D:5      | Gained mutation: You are resistant to hostile enchantments.
                  | (MR+) [Mana Stalker growth]
  4029 | D:5      | Reached XP level 8. HP: 44/49 MP: 10/10
  4046 | D:5      | Reached skill level 5 in Unarmed Combat
  4180 | D:5      | Found a staircase to the Ecumenical Temple.
  4264 | D:5      | Noticed Blork the orc
  4273 | Temple   | Entered the Ecumenical Temple
  4480 | Temple   | Became a worshipper of Warmaster Okawaru
  4480 | Temple   | Reached * piety under Okawaru
  4480 | Temple   | Reached ** piety under Okawaru
  4510 | D:5      | Killed Blork the orc
  5013 | D:6      | Found a hide-covered altar of Uskayaw.
  5036 | D:6      | Reached XP level 9. HP: 54/56 MP: 11/11
  5281 | D:6      | Found Bacw's Distillery.
  5285 | D:6      | Bought a potion of agility for 52 gold pieces
  5285 | D:6      | Bought a potion of curing for 32 gold pieces
  5285 | D:6      | Bought a potion of haste for 130 gold pieces
  5285 | D:6      | Bought a potion of lignification for 39 gold pieces
  5534 | D:6      | Found a hazy altar of Hepliaklqana.
  5556 | D:7      | Noticed Menkaure
  5556 | D:7      | Noticed a troll
  5557 | D:7      | Noticed a troll
  5586 | D:7      | Found a shimmering blue altar of Sif Muna.
  5670 | D:7      | Reached *** piety under Okawaru
  5731 | D:7      | Found a snail-covered altar of Cheibriados.
  5873 | D:7      | Killed a troll
  6047 | D:7      | Killed Menkaure
  6047 | D:7      | Reached **** piety under Okawaru
  6060 | D:7      | Killed a troll
  6061 | D:7      | Reached XP level 10. HP: 24/64 MP: 11/12
  6466 | D:8      | Noticed Grum
  6488 | D:9      | Found an opulent altar of Gozag.
  6488 | D:9      | Found a bloodstained altar of Trog.
  6571 | D:9      | Found a glowing golden altar of the Shining One.
  6604 | D:9      | Reached skill level 10 in Dodging
  6736 | D:9      | Found a radiant altar of Vehumet.
  7014 | D:8      | Killed Grum
  7100 | D:8      | Reached ***** piety under Okawaru
  7146 | D:8      | Noticed a two-headed ogre
  7155 | D:8      | Killed a two-headed ogre
  7156 | D:8      | Reached skill level 10 in Unarmed Combat
  7156 | D:8      | Reached XP level 11. HP: 72/72 MP: 13/13
  7165 | D:8      | Found Hotenulo's Antique Armour Emporium.
  7198 | D:8      | Reached skill level 10 in Fighting
  7352 | D:8      | Reached skill level 1 in Evocations
  7387 | D:8      | Found a staircase to the Lair.
  7622 | D:8      | Found a staircase to the Orcish Mines.
  7847 | D:9      | Reached skill level 5 in Stealth
  8180 | D:10     | Entered Level 10 of the Dungeon
  8190 | D:10     | Received a gift from Okawaru
  8805 | D:10     | Found a runed translucent gate.
  8805 | D:10     | Found a runed translucent gate.
  8805 | D:10     | Found a runed translucent gate.
  8807 | D:10     | Noticed Galewind's ghost (journeyman AvCj)
  8807 | D:10     | Noticed a 12-headed hydra
  8951 | D:10     | Noticed a cyclops
  8957 | D:10     | Killed a cyclops
  8964 | D:10     | Noticed a two-headed ogre
  8967 | D:10     | Killed a two-headed ogre
  9241 | D:10     | Noticed a cyclops
  9249 | D:10     | Killed a cyclops
  9452 | D:10     | Killed a 12-headed hydra
  9453 | D:10     | Gained mutation: You are highly resistant to hostile
                  | enchantments. (MR++) [Mana Stalker growth]
  9453 | D:10     | Reached XP level 12. HP: 24/77 MP: 9/16
  9454 | D:10     | HP: 3/77 [Galewind's ghost/orb of energy (21)]
  9535 | D:10     | Killed Galewind's ghost
  9536 | D:10     | Reached skill level 10 in Stealth
  9536 | D:10     | Reached skill level 5 in Invocations
  9553 | D:10     | Got a transparent scimitar
  9651 | D:11     | Found a blossoming altar of Fedhas.
  9887 | D:11     | Slain by a wyvern

Skill      XL: |  1  2  3  4  5  6  7  8  9 10 11 12 |
---------------+-------------------------------------+-----
Unarmed Combat | 1 2 3 4 6 7 10 | 10.0
Fighting       | 3 4 5 6 7 9 10 | 10.0
Dodging        | 4 5 6 7 9 10 | 10.0
Stealth        | 9 10 | 10.7
Evocations     | 4 |  4.5
Invocations    | 4 5 |  5.4
Axes           | |  2.6

Action                   |  1- 3 |  4- 6 |  7- 9 | 10-12 || total
-------------------------+-------+-------+-------+-------++-------
Melee: Hand axe          |   117 |    15 |       |       ||   132
       Bite              |    14 |    31 |    51 |    93 ||   189
       Whip              |       |   291 |    33 |       ||   324
       Short sword       |       |       |   168 |   287 ||   455
       Punch             |       |       |       |     5 ||     5
 Fire: Hunting sling     |    23 |    12 |       |       ||    35
       Triple crossbow   |       |       |       |    84 ||    84
Throw: Stone             |       |     5 |       |       ||     5
       Tomahawk          |       |    17 |    53 |    61 ||   131
Invok: Heroism           |       |       |     3 |    22 ||    25
       Finesse           |       |       |       |     2 ||     2
  Use: Scroll            |       |     8 |     1 |     8 ||    17
 Stab: Sleeping          |     3 |       |       |     2 ||     5
  Eat: Chunk             |     5 |     7 |    17 |    25 ||    54
       Ration            |       |     3 |     1 |     2 ||     6
Armor: Robe              |    14 |       |       |       ||    14
       Chain mail        |    17 |   315 |   126 |       ||   458
       Leather armour    |     8 |       |       |       ||     8
       Troll leather arm |       |       |       |    74 ||    74
Dodge: Dodged            |    74 |    33 |    64 |   457 ||   628
Block: Medium shield     |    12 |   179 |   121 |   155 ||   467
